 Dungeon Crawl Stone Soup version 0.28.0-47-ge53b351184 (webtiles) character file.

Game seed: 12958219197289445296

350 urbino23 the Cudgeller (level 6, -5/78 HPs)
             Began as a Minotaur Berserker on May 6, 2022.
             Was a Believer of Trog.
             Slain by a raiju (7 damage)
             ... on level 3 of the Abyss.
             The game lasted 00:13:52 (3543 turns).

urbino23 the Cudgeller (Minotaur Berserker)         Turns: 3543, Time: 00:13:53

Health: -5/78      AC: 17    Str: 23    XL:     6   Next: 34%
Magic:  5/5        EV:  7    Int:  4    God:    Trog [**....]
Gold:   84         SH:  0    Dex: 10    Spells: 5/5 levels left

rFire   . . .      SeeInvis .   a - +1 mace
rCold   . . .      Faith    .   (no shield)
rNeg    . . .      Spirit   .   j - +0 plate armour
rPois   +          Reflect  .   (helmet restricted)
rElec   .          Harm     .   t - +2 cloak {rPois}
rCorr   .          Rampage  .   (no gloves)
Will    .....                   n - +0 pair of boots
Stlth   ..........              (no amulet)
HPRegen 0.23/turn               (no ring)
MPRegen 0.09/turn               (no ring)

@: berserking, very quick
A: horns 2, retaliatory headbutt
a: Renounce Religion, Berserk, Trog's Hand


You were on level 3 of the Abyss.
You worshipped Trog.
Trog was pleased with you.
You visited 1 branch of the dungeon, and saw 5 of its levels.
You visited the Abyss 1 time.

You collected 84 gold pieces.

Inventory:

Hand Weapons
 a - a +1 mace (weapon)
Missiles
 c - a boomerang (quivered)
 f - 2 curare-tipped darts
 h - 73 stones
 l - 19 arrows
 o - 61 bolts
Armour
 j - a +0 plate armour (worn)
 n - a +0 pair of boots (worn)
 t - a +2 cloak of poison resistance (worn)
Jewellery
 d - a ring of fire
Scrolls
 e - 2 scrolls of identify
 s - a scroll of noise {unknown}
Potions
 b - a potion of brilliance {unknown}
 g - a potion of curing
 i - a potion of might {unknown}
 k - a potion of flight {unknown}
 p - a potion of cancellation {unknown}
 q - a potion of heal wounds {unknown}
 r - a potion of magic {unknown}


   Skills:
 + Level 4.3 Fighting
 + Level 6.4 Maces & Flails
 - Level 0.1 Throwing
 - Level 5.5 Armour
 - Level 2.4 Dodging


You had 5 spell levels left.
You didn't know any spells.
Your spell library was empty.

Dungeon Overview and Level Annotations

Branches:
Dungeon (5/15)
 Temple: D:4-7

Altars:
Vehumet

Shops:
D:3 [

Portals:
Abyss: D:3

Annotations:
D:3 2 transporters, Cruo's ghost, amateur MiCK
D:4 2 transporters
D:5 Edmund


Innate Abilities, Weirdness & Mutations

You have a pair of horns on your head.
You reflexively headbutt those who attack you in melee.


Message History

Found a gateway leading deeper into the Abyss.
There is a gateway leading deeper into the Abyss here.
You are suddenly pulled into a different region of the Abyss!
A large abomination comes into view.
Okay, then.
A raiju comes into view.
The raiju barks!
The raiju bursts into living lightning!
The living lightning hits you!
The raiju blinks!
The raiju bursts into living lightning!
The living lightning hits you.
The raiju blinks! x2
The raiju bursts into living lightning!
The living lightning hits you!
The raiju blinks!
The raiju bites you.
* * * LOW HITPOINT WARNING * * *
The raiju shocks you!
* * * LOW HITPOINT WARNING * * *
The raiju bursts into living lightning!
The living lightning hits you but does no damage.
The raiju blinks!
Okay, then.
You feel better.
A red film seems to cover your vision as you go berserk!
You feel yourself moving faster!
You feel mighty! The raiju bites you but does no damage.
You barely miss the raiju. The raiju bites you!
* * * LOW HITPOINT WARNING * * *
The raiju shocks you!
* * * LOW HITPOINT WARNING * * *
You closely miss the raiju. You headbutt the raiju.
The raiju is lightly wounded.
The raiju bursts into living lightning!
The living lightning hits you but does no damage.
The raiju blinks!
You closely miss the raiju. Your headbutt misses the raiju.
The raiju is lightly wounded.
The raiju bites you.
* * * LOW HITPOINT WARNING * * *
The raiju shocks you!
You die...

#. ## .# . . .#
## ##.# ##.....
####.##.#. #
#.#X.#.#. ยง
####. ..... .##.#
##h.#...#..
..#.#. #@#..
...##...# #
###h#.#.... #..#
###.#.. ....# #
#...... ##... ..
##.#..#.##.###.#.
..# ...#####. #.#
#.#..#.## . ##
##...##. #..#. #


You could see a raiju.

Vanquished Creatures
  A black bear (D:4)
  A necrophage (D:4)
  Crazy Yiuf (D:3)
  Terence (D:3)
  A hound skeleton (D:5)
  3 adders
  2 worms
  3 dart slugs
  An orc (D:3)
  3 bats
  7 endoplasms
  2 giant cockroaches
  8 goblins
  2 hobgoblins
  6 jackals (D:2)
  8 kobolds
  2 quokkas
  6 ball pythons
  3 frilled lizards
  5 rats
66 creatures vanquished.

Notes
Turn   | Place    | Note
-------+----------+-------------------------------------------
     0 | D:1      | urbino23 the Minotaur Berserker began the quest for the
                  | Orb.
     0 | D:1      | Reached XP level 1. HP: 19/19 MP: 0/0
   186 | D:1      | Reached XP level 2. HP: 23/27 MP: 1/1
   386 | D:1      | Reached skill level 4 in Maces & Flails
  1094 | D:2      | Found a faded altar of an unknown god.
  1128 | D:2      | Reached XP level 3. HP: 33/33 MP: 2/2
  1258 | D:2      | Reached ** piety under Trog
  1709 | D:3      | Found a runed translucent door.
  1710 | D:3      | Noticed Crazy Yiuf
  1818 | D:3      | Found a one-way gate to the infinite horrors of the Abyss.
  1818 | D:3      | Noticed Cruo's ghost (amateur MiCK)
  1819 | D:3      | Noticed a kobold brigand
  1822 | D:3      | Noticed a small abomination
  1842 | D:3      | Noticed a small abomination
  1846 | D:3      | Noticed Terence
  1873 | D:3      | Killed Terence
  1874 | D:3      | Reached XP level 4. HP: 28/40 MP: 3/3
  1996 | D:3      | Found a radiant altar of Vehumet.
  2087 | D:3      | Found a transporter.
  2095 | D:3      | Found a transporter.
  2184 | D:3      | Reached skill level 5 in Maces & Flails
  2193 | D:3      | Found Esuy's Antique Armour Boutique.
  2665 | D:3      | Killed Crazy Yiuf
  2867 | D:4      | Found a transporter.
  2883 | D:4      | Reached XP level 5. HP: 46/46 MP: 4/4
  2957 | D:4      | Found a transporter.
  3102 | D:4      | Noticed a black bear
  3108 | D:4      | Killed a black bear
  3109 | D:4      | Reached skill level 5 in Armour
  3141 | D:4      | Noticed a necrophage
  3153 | D:4      | Killed a necrophage
  3154 | D:4      | Reached skill level 6 in Maces & Flails
  3154 | D:4      | Reached XP level 6. HP: 49/52 MP: 5/5
  3410 | D:5      | Entered Level 5 of the Dungeon
  3410 | D:5      | Noticed Edmund
  3416 | D:5      | Cast into level 2 of the Abyss (Edmund)
  3460 | Abyss:3  | Noticed a chaos spawn
  3515 | Abyss:3  | Noticed a large abomination
  3523 | Abyss:3  | Noticed a raiju
  3543 | Abyss:3  | HP: 2/78 [raiju (5)]
  3543 | Abyss:3  | Slain by a raiju

Illustrated notes

Levels and vault maps discovered:
D:1:      eino_arrival_druids_welcome, layout_basic
D:2:      minmay_evil_eye, layout_basic, serial_forest,
          infiniplex_forest_straight_1, infiniplex_forest_clump_C,
          infiniplex_forest_clump_C, infiniplex_forest_clump_C,
          infiniplex_forest_lined_2, infiniplex_forest_lined_2,
          infiniplex_forest_lined_1, infiniplex_forest_fountain,
          infiniplex_forest_corner_1, infiniplex_forest_clump_tiny,
          shapermc_ecumenical_altar_starsandcircs, chequers_arboretum
D:3:      layout_basic, nicolae_vehumet_radiance,
          gammafunk_ghost_abyssal_escape, serial_shops, nicolae_diamond_shop,
          amcnicky_mini_rare_corridor_liquid, serial_park_tiny_2, minivault_26,
          uniq_terence, uniq_crazy_yiuf_cottage
D:4:      gammafunk_wand_slinger, layout_cave_pools, serial_column_ruins,
          column_ruins_hut_pillars, column_ruins_corridor_straight,
          column_ruins_open_medium, column_ruins_open_tiny,
          column_ruins_columns_straight, column_ruins_columns_water
D:5:      layout_loops_ring, uniq_edmund
Abyss:3:  base: Temple, base: Temple, hangedman_abyss_feature_spike,
          evilmike_abyss_rune_elephants_shrine

Skill      XL: |  1  2  3  4  5 |
---------------+----------------+-----
Fighting       | 4 |  4.3
Maces & Flails | 4 5 6 |  6.4
Armour         | 3 4 5 |  5.5
Throwing       | |  0.1
Dodging        | |  2.4

Action                   |  1- 3 |  4- 6 || total
-------------------------+-------+-------++-------
Melee: Mace              |    65 |    80 ||   145
       Headbutt          |     9 |     8 ||    17
       Punch             |       |     1 ||     1
Throw: Boomerang         |    12 |     4 ||    16
Invok: Berserk           |       |     4 ||     4
  Use: Scroll            |       |     6 ||     6
       Potion            |       |     1 ||     1
Armor: Ring mail         |     8 |       ||     8
       Plate armour      |    32 |    47 ||    79
Dodge: Dodged            |    31 |    28 ||    59
